 Dungeon Crawl Stone Soup version 0.25-a0-713-g4845790874 (webtiles) character file.

Game seed: 9401368254213796591, levelgen mode: deterministic

5026 Anathary the Cleaver (level 10, -3/89 HPs)
             Began as a Minotaur Fighter on Apr 5, 2020.
             Was an Elder of Trog.
             Slain by a nine-headed hydra (13 damage)
             ... on level 1 of the Lair of Beasts.
             The game lasted 00:39:55 (8867 turns).

Anathary the Cleaver (Minotaur Fighter)             Turns: 8867, Time: 00:39:56

Health: -3/89      AC:  7    Str: 25    XL:     10   Next: 30%
Magic:  9/9        EV:  7    Int:  5    God:    Trog [****..]
Gold:   391        SH: 21    Dex:  9    Spells: 9/9 levels left

rFire    x . .     SeeInvis .   a - +1 war axe
rCold    + . .     Gourm    .   i - +3 tower shield
rNeg     + . .     Faith    .   b - +0 scale mail
rPois    .         Spirit   .   (helmet restricted)
rElec    .         Reflect  .   j - scarf {repulsion}
rCorr    .         Harm     .   (no gloves)
MR       .....                  (no boots)
Stlth    ..........             q - amulet of regeneration
HPRegen  0.64/turn              t - ring of positive energy
MPRegen  0.11/turn              s - ring of ice

@: repel missiles
A: retaliatory headbutt, horns 2
a: Berserk, Trog's Hand, Brothers in Arms, Renounce Religion


You were on level 1 of the Lair of Beasts.
You worshipped Trog.
Trog was greatly pleased with you.
You were not hungry.

You visited 3 branches of the dungeon, and saw 10 of its levels.

You collected 391 gold pieces.

Inventory:

Hand Weapons
 a - a +1 war axe (weapon)
Armour
 b - a +0 scale mail (worn)
 i - a +3 tower shield (worn)
 j - a scarf of repulsion (worn)
Jewellery
 e - an uncursed amulet of the acrobat
 q - an amulet of regeneration (around neck)
 s - a ring of ice (right hand)
 t - a ring of positive energy (left hand)
 x - an uncursed amulet of faith {unknown}
 H - an uncursed amulet of harm {unknown}
Wands
 c - a wand of digging (4)
 p - a wand of iceblast (7)
 B - a wand of flame (28)
 G - a wand of random effects (24)
Scrolls
 n - 3 scrolls of fear
 r - a scroll of immolation
 u - 2 scrolls of amnesia
 v - 2 scrolls of teleportation
 y - 2 scrolls of magic mapping
 I - 3 scrolls of identify
Potions
 d - 3 potions of might
 g - 3 potions of berserk rage
 k - 3 potions of lignification
 l - 3 potions of curing
 w - a potion of degeneration {unknown}
 z - a potion of haste {unknown}
 A - a potion of magic {unknown}
 C - a potion of cancellation {unknown}
 D - a potion of stabbing {unknown}
 E - a potion of brilliance {unknown}
 F - 2 potions of resistance {unknown}
Comestibles
 f - 16 rations


   Skills:
 + Level 8.3 Fighting
 + Level 12.3 Axes
 + Level 5.5 Armour
 - Level 10.8 Shields


You had 9 spell levels left.
You didn't know any spells.
Your spell library was empty.

Dungeon Overview and Level Annotations

Branches:
Dungeon (8/15)             Temple (1/1) D:4            Lair (1/6) D:8

Altars:
Ashenzari
Cheibriados
Dithmenos
Elyvilon
Gozag
Kikubaaqudgha
Makhleb
Nemelex Xobeh
Okawaru
Qazlal
Ru
Sif Muna
Trog
Uskayaw
Vehumet
Wu Jian
Xom
Zin
The Shining One
Lugonu

Shops:
D:4 %(**(


Innate Abilities, Weirdness & Mutations

You reflexively headbutt those who attack you in melee.
You have a pair of horns on your head.


Message History

* * * LOW HITPOINT WARNING * * *
You block the eight-headed hydra's attack.
The eight-headed hydra bites you but does no damage.
The eight-headed hydra bites you.
* * * LOW HITPOINT WARNING * * *
You slice one of the eight-headed hydra's heads off!
The seven-headed hydra grows two more!
You slash the nine-headed hydra!
Your headbutt misses the nine-headed hydra.
The nine-headed hydra is moderately wounded.
The nine-headed hydra bites you.
* * * LOW HITPOINT WARNING * * *
You block the nine-headed hydra's attack.
The nine-headed hydra barely misses you.
You block the nine-headed hydra's attack.
The nine-headed hydra bites you!
* * * LOW HITPOINT WARNING * * *
You block the nine-headed hydra's attack.
The nine-headed hydra bites you but does no damage.
The nine-headed hydra bites you!
You die...

#...# #...# #...#
P...# #.... . ##...#
#...# #...### ..
#....# #...###......
... #P...#
#...##.......
....##...# #...#
#....?. .........#
#...# #....##
#...###...###...###
#D@.:.....#.#...#
.....F##.............#
#.#.#. #.............#
.. . #####.>.......#
.. .. #...###....# .
.. ####.#P...## 8.8
###...# #...# ...#


You could see a nine-headed hydra and a bullfrog.

Vanquished Creatures
  2 komodo dragons (Lair:1)
  Prince Ribbit (D:8)
  A hornet (D:7)
  Sigmund (D:3)
  A human (D:7)
  4 hogs (D:7)
  A hungry ghost (D:7)
  Duvessa (D:7)
  An orc warrior (D:6)
  An ogre (D:8)
  4 sky beasts
  A phantom (D:7)
  2 centaurs (D:6)
  2 big kobolds (D:7)
  5 bullfrogs
  A gnoll sergeant (D:4)
  Dowan (D:7)
  A water moccasin skeleton (D:8)
  3 scorpions (D:7)
  A howler monkey (D:8)
  2 crimson imps
  6 hounds
  8 orc priests
  Crazy Yiuf (D:5)
  A centaur skeleton (D:8)
  Jessica (D:2)
  A bullfrog skeleton (D:8)
  2 iguanas
  10 orc wizards
  6 worker ants
  Robin (D:2)
  10 adders
  4 gnolls (D:4)
  7 shadow imps
  2 oozes
  An adder zombie (D:6)
  An adder skeleton (D:5)
  2 worms
  5 dart slugs
  5 leopard geckos
  45 orcs
  3 ball pythons
  7 bats
  7 giant cockroaches
  15 goblins
  5 hobgoblins
  20 jackals
  2 quokkas (D:3)
  A ball python zombie (D:6)
  4 frilled lizards
  A jackal zombie (D:8)
  19 kobolds
  A leopard gecko skeleton (D:6)
  A leopard gecko zombie (D:8)
  8 rats
  A plant (D:8)
251 creatures vanquished.

Notes
Turn   | Place    | Note
-------+----------+-------------------------------------------
     0 | D:1      | Anathary the Minotaur Fighter began the quest for the Orb.
     0 | D:1      | Reached XP level 1. HP: 19/19 MP: 0/0
   192 | D:1      | Reached XP level 2. HP: 27/27 MP: 1/1
   197 | D:1      | Reached skill level 3 in Axes
   558 | D:1      | Reached XP level 3. HP: 34/34 MP: 2/2
   986 | D:2      | Found a shattered altar of Ashenzari.
  1229 | D:2      | Reached XP level 4. HP: 31/41 MP: 3/3
  1232 | D:2      | Reached skill level 4 in Axes
  1399 | D:2      | Noticed Jessica
  1406 | D:2      | Killed Jessica
  1406 | D:2      | Reached skill level 5 in Shields
  1406 | D:2      | Reached XP level 5. HP: 44/47 MP: 4/4
  1459 | D:2      | Found a stormy altar of Qazlal.
  1459 | D:2      | Found a shimmering altar of Xom.
  1770 | D:2      | Noticed Robin
  1785 | D:2      | Killed Robin
  2069 | D:2      | Found an ornate altar of the Wu Jian Council.
  2423 | D:3      | Found a white marble altar of Elyvilon.
  2532 | D:3      | Reached skill level 5 in Axes
  2532 | D:3      | Reached XP level 6. HP: 37/55 MP: 5/5
  2964 | D:3      | Noticed Sigmund
  2973 | D:3      | Killed Sigmund
  2973 | D:3      | Reached skill level 5 in Fighting
  3244 | D:4      | Found Camorchyil's Assorted Antiques.
  3278 | D:4      | Reached XP level 7. HP: 61/61 MP: 6/6
  3330 | D:4      | Found Ypaveghu's Antique Weapon Boutique.
  3408 | D:4      | Found Imime Con's Lightly-Used Armoury.
  3499 | D:4      | Found Joanyak's Food Boutique.
  3512 | D:4      | Reached skill level 6 in Axes
  3523 | D:4      | Found a glowing silver altar of Zin.
  3638 | D:4      | Found Epuodgh's Weapon Shop.
  3657 | D:4      | Found a staircase to the Ecumenical Temple.
  3663 | Temple   | Entered the Ecumenical Temple
  3707 | Temple   | Became a worshipper of Trog the Wrathful
  4221 | D:5      | Entered Level 5 of the Dungeon
  4368 | D:5      | Found a snail-covered altar of Cheibriados.
  4513 | D:5      | Found an opulent altar of Gozag.
  4611 | D:5      | Found a runed translucent door.
  4612 | D:5      | Noticed Crazy Yiuf
  4619 | D:5      | Killed Crazy Yiuf
  5259 | D:5      | Found a sacrificial altar of Ru.
  5391 | D:6      | Reached skill level 7 in Axes
  5392 | D:6      | Reached XP level 8. HP: 40/70 MP: 7/7
  5580 | D:6      | Reached * piety under Trog
  5722 | D:6      | Found a shadowy altar of Dithmenos.
  6142 | D:6      | Reached skill level 8 in Axes
  6349 | D:7      | Reached skill level 10 in Shields
  6897 | D:7      | Noticed Duvessa
  6898 | D:7      | Noticed Dowan
  6899 | D:7      | Reached XP level 9. HP: 69/78 MP: 8/8
  6910 | D:7      | Killed Duvessa
  6922 | D:7      | Killed Dowan
  6982 | D:7      | Reached ** piety under Trog
  6984 | D:7      | Reached skill level 9 in Axes
  7272 | D:7      | Paralysed by a hornet for 2 turns
  7276 | D:7      | Reached skill level 10 in Axes
  7483 | D:7      | Reached skill level 11 in Axes
  7703 | D:8      | Noticed Prince Ribbit
  7725 | D:8      | Killed Prince Ribbit
  7821 | D:8      | Reached XP level 10. HP: 75/88 MP: 9/9
  7825 | D:8      | Reached *** piety under Trog
  7966 | D:8      | Reached skill level 5 in Armour
  8159 | D:8      | Found a staircase to the Lair.
  8250 | D:8      | Found a glowing golden altar of the Shining One.
  8647 | D:8      | Reached **** piety under Trog
  8754 | Lair:1   | Entered Level 1 of the Lair of Beasts
  8794 | Lair:1   | Reached skill level 12 in Axes
  8857 | Lair:1   | Noticed a four-headed hydra
  8867 | Lair:1   | Slain by a nine-headed hydra

Levels and vault maps discovered:
D:1:      dpeg_cavernosity, layout_loops_ring, minmay_fountain_box
D:2:      layout_loops_corners, old_standard_altar,
          gammafunk_temple_overflow_wave, nicolae_overflow_crystal_walls,
          nrook_uturn, minmay_close_crescents, uniq_jessica, uniq_robin
D:3:      layout_loops_ring, lemuel_coloured_pillars_altar, first_ration,
          uniq_sigmund
D:4:      layout_loops_corners, lemuel_doored_altar,
          minmay_temple_entry_nine_rooms, serial_shops, shop, shop, shop, shop,
          minmay_shop_damaged, lightli_minifort
D:5:      layout_basic, kennysheep_little_box, grunt_gozag_breadcrumbs,
          marbit_many_paths, uniq_crazy_yiuf_cottage
D:6:      layout_basic, nicolae_dithmenos_shadow_blocks
D:7:      layout_basic, grunt_livestock, chequers_decorated_corner,
          hangedman_decor_opposing, minmay_bent, uniq_duvessa
D:8:      layout_layer_cave, tso_oasis_becter, dpeg_oklobed_lair,
          uniq_prince_ribbit1
Temple:   corrupted_temple
Lair:1:   layout_long_grid, grunt_megastairs_2

Skill      XL: |  1  2  3  4  5  6  7  8  9 10 |
---------------+-------------------------------+-----
Fighting       | 4 5 6 7 8 |  8.3
Axes           | 3 4 5 7 8 11 12 | 12.3
Shields        | 4 5 6 8 10 | 10.8
Armour         | 4 5 |  5.5

Action                   |  1- 3 |  4- 6 |  7- 9 | 10-12 || total
-------------------------+-------+-------+-------+-------++-------
Melee: War axe           |   108 |   165 |   416 |   105 ||   794
       Headbutt          |    17 |    26 |    80 |    21 ||   144
  Use: Scroll            |       |     3 |     9 |     6 ||    18
  Eat: Chunk             |     1 |       |     2 |       ||     3
       Ration            |       |     2 |     4 |     1 ||     7
Armor: Scale mail        |    54 |    60 |    81 |    14 ||   209
Dodge: Dodged            |    27 |    16 |    40 |    14 ||    97
       Deflected         |       |       |     1 |       ||     1
Block: Kite shield       |    29 |       |       |       ||    29
       Tower shield      |    80 |   135 |   359 |    98 ||   672

Table legend:
 A = Non-vault XP
 B = Vault XP
 C = Vault XP percentage of total XP
 D = Non-vault monster count
 E = Vault monster count
 F = Vault count percentage of total count
                 A         B        C        D         E       F
            +---------+---------+-------+---------+---------+-------
      Total |    4772 |    2408 |  33.5 |     212 |      38 |  15.2
            +---------+---------+-------+---------+---------+-------
        D:1 |      55 |      10 |  15.4 |      27 |       4 |  12.9
        D:2 |     134 |     100 |  42.7 |      24 |      16 |  40.0
        D:3 |     188 |     212 |  53.0 |      27 |       1 |   3.6
        D:4 |     242 |     144 |  37.3 |      12 |       5 |  29.4
        D:5 |     149 |      47 |  24.0 |      14 |       2 |  12.5
        D:6 |     933 |       0 |   0.0 |      28 |       0 |   0.0
        D:7 |    1498 |    1232 |  45.1 |      38 |       8 |  17.4
        D:8 |    1230 |     291 |  19.1 |      41 |       1 |   2.4
     Lair:1 |     343 |     372 |  52.0 |       1 |       1 |  50.0
            +---------+---------+-------+---------+---------+-------
